Wild vs Jets

Created - 17 octobre 2017 at 19:32

Goals
1 2 3 OT1 T
Wild 1 0 0 1 2
Jets 1 0 0 0 1
Shots
1 2 3 OT1 T
Wild 17 7 8 1 33
Jets 9 7 13 0 29

1st period

1. Wild , Tanner Pearson 3 (Jason Pominville 4, Nicklas Grossmann 2) at 7:54 (PP)
2. Jets , Frans Nielsen 3 (Hampus Lindholm 3, Nick Holden 3) at 12:42 (PP)

Penalties :
Tobias Enstrom (WPG) for Holding (Minor) at 1:29, Braydon Coburn (WPG) for Elbowing (Minor) at 6:07, Dmitrij Jaskin (WPG) for Hooking (Minor) at 9:51, Marco Scandella (MIN) for Interference (Minor) at 12:32

2nd period

No Goal

Penalties :
Ryan Callahan (MIN) for Tripping (Minor) at 9:20, Tobias Enstrom (WPG) for Holding (Minor) at 15:04

3rd period

No Goal

Penalties :
Frans Nielsen (WPG) for Roughing (Minor) at 1:17, Nicklas Grossmann (MIN) for Slashing (Minor) at 4:03, Radko Gudas (WPG) for High sticking (Minor) at 10:27

Overtime #1

3. Wild , Eric Staal 2 (Jason Spezza 4, Alexander Edler 3) at 0:20

Penalties :
No Penalty

Goalie Stats

James Reimer (MIN), 28 saves from 29 shots - (0.966), W, 4-4-0, 60:21 minutes
Cory Schneider (WPG), 31 saves from 33 shots - (0.939), OTL, 2-4-1, 60:21 minutes

Players Stats for Wild

Player Name              G  A  P  +/- PIM S  H  SB GA TA FO     MP     PP MP  PK MP  
------------------------------------------------------------------------------------
Alexander Edler          0  1  1   1  0   2  2  1  0  0  0/0    25:04   6:18   2:01 
Christian Folin          0  0  0   0  0   0  1  0  0  0  0/0     1:28   0:00   0:03 
Eric Staal               1  0  1   1  0   6  1  0  0  0  18/31  25:37   6:24   1:39 
Jason Pominville         0  1  1   0  0   2  0  0  0  0  0/0    17:01   5:51   0:00 
Jason Spezza             0  1  1   1  0   0  0  0  0  0  11/27  20:33   3:59   0:03 
Johnny Oduya             0  0  0   0  0   0  0  2  0  0  0/0    21:30   5:24   2:07 
Joonas Donskoi           0  0  0   0  0   0  0  0  0  0  0/0     7:58   0:40   0:00 
Josh Gorges              0  0  0   0  0   0  2  0  0  0  0/0    20:00   5:24   2:07 
Luke Schenn              0  0  0   0  0   0  5  0  0  0  0/0    21:34   5:50   1:58 
Marco Scandella          0  0  0   0  2   1  1  0  0  0  0/0    14:51   0:00   0:00 
Marian Gaborik           0  0  0   0  0   1  0  0  0  0  0/1     7:52   0:33   0:00 
Mason Raymond            0  0  0   0  0   0  0  0  0  0  0/1    16:05   0:00   0:00 
Nicklas Grossmann        0  1  1   0  2   3  0  2  0  0  0/0    15:19   0:28   0:00 
Richard Panik            0  0  0   0  0   6  1  0  0  0  0/0    20:22   3:58   0:19 
Riley Nash               0  0  0   0  0   1  1  0  0  0  7/15   17:18   4:58   2:16 
Ryan Callahan            0  0  0   0  2   3  2  1  0  0  2/4    14:02   2:19   0:51 
Sven Baertschi           0  0  0   0  0   0  0  0  0  0  0/0    10:51   0:33   0:42 
Tanner Pearson           1  0  1   0  0   8  4  1  0  0  0/2    19:27   5:51   2:26 

Players Stats for Jets

Player Name              G  A  P  +/- PIM S  H  SB GA TA FO     MP     PP MP  PK MP  
------------------------------------------------------------------------------------
Alan Quine               0  0  0   0  0   0  0  0  0  0  0/0     6:25   0:00   2:46 
Braydon Coburn           0  0  0   0  2   1  0  1  0  0  0/0    11:14   0:00   0:50 
Brock Nelson             0  0  0   0  0   3  0  0  0  0  0/0    15:58   1:47   0:17 
Bryan Rust               0  0  0   0  0   0  2  0  0  0  0/0    13:34   0:00   3:57 
Cam Atkinson             0  0  0   0  0   4  1  0  0  0  0/0    19:21   2:21   0:00 
Connor Carrick           0  0  0   0  0   1  0  0  0  0  0/0     5:17   0:00   0:38 
Dmitrij Jaskin           0  0  0   0  2   0  1  0  0  0  0/1    16:43   0:00   3:42 
Frans Nielsen            1  0  1   0  2   5  0  1  0  0  15/24  19:13   1:47   3:19 
Hampus Lindholm          0  1  1   0  0   1  1  1  0  0  0/0    23:43   2:42   5:56 
Jamie Benn               0  0  0  -1  0   4  1  0  0  0  0/2    19:33   2:21   0:00 
Jonas Brodin             0  0  0   0  0   0  6  2  0  0  0/0    20:27   1:26   4:43 
Mika Zibanejad           0  0  0   0  0   2  0  0  0  0  4/8     9:37   0:00   0:00 
Mikko Koivu              0  0  0  -1  0   4  1  1  0  0  20/31  22:59   2:21   3:17 
Nick Holden              0  1  1  -1  0   0  2  3  0  0  0/0    23:42   2:42   5:34 
Radek Faksa              0  0  0   0  0   1  0  0  0  0  4/13   10:05   0:00   6:03 
Radko Gudas              0  0  0   0  2   0  2  1  0  0  0/0    18:22   0:00   4:18 
Rickard Rakell           0  0  0   0  0   3  0  0  0  0  0/2    15:44   1:47   0:03 
Tobias Enstrom           0  0  0   0  4   0  0  1  0  0  0/0    17:18   1:26   1:25 

3 Stars

1 - James Reimer (MIN)
2 - Tanner Pearson (MIN)
3 - Eric Staal (MIN)

Power Play

Wild - 1 on 6 Attempt(s) - 16.67%
Jets - 1 on 3 Attempt(s) - 33.33%

Penalty Kill

Wild - 2 on 3 Attempt(s) - 66.67% - Score 0 goal in Penalty Kill
Jets - 5 on 6 Attempt(s) - 83.33% - Score 0 goal in Penalty Kill

Team Stat

Wild - Hits : 20 - Faceoff Wins : 38 - Blocked Shots : 7 - Penalty Minutes : 6
Jets - Hits : 17 - Faceoff Wins : 43 - Blocked Shots : 11 - Penalty Minutes : 12

Official

Referees : Evgeny Romasko and Mark Lemelin
Linesman : Mike Cvik and Andy McElman

Game Notes

No Game Note

Finance

Level 1 -- Attendance: 4058 (67.63%) -- Ticket Income 608 700 $
Level 2 -- Attendance: 2320 (46.40%) -- Ticket Income 324 800 $
Level 3 -- Attendance: 1194 (54.27%) -- Ticket Income 161 190 $
Level 4 -- Attendance: 803 (79.04%) -- Ticket Income 100 375 $
Luxury Box -- Attendance: 514 (64.25%) -- Ticket Income 179 900 $
Game was played at the MTS Center.
Total Attendance: 8889 (59.20%)
Total Ticket Income: 1 374 965 $
Other Income: 206 245 $
Total Income: 1 581 210 $

% Time on Ice - Wild

Lines # - Real PCT - Wanted PCT - Time Play
Normal Forward
1 - 25% - 40% - 11:10
2 - 36% - 30% - 16:05
3 - 22% - 20% - 9:36
4 - 17% - 10% - 7:19
Normal Defense
1 - 31% - 40% - 13:46
2 - 28% - 30% - 12:29
3 - 34% - 20% - 14:52
4 - 7% - 10% - 3:03
PP Forward
1 - 60% - 60% - 7:04
2 - 40% - 40% - 4:38
PP Defense
1 - 54% - 60% - 6:18
2 - 46% - 40% - 5:24
PK Forward
1 - 60% - 60% - 2:29
2 - 40% - 40% - 1:39
PK Defense
1 - 51% - 60% - 2:07
2 - 49% - 40% - 2:01
PK3 Forward
1 - 0% - 60%
2 - 0% - 40%
PK3 Defense
1 - 0% - 60%
2 - 0% - 40%
44 Forward
1 - 0% - 60%
2 - 0% - 40%
44 Defense
1 - 0% - 60%
2 - 0% - 40%
Last Minute Offensive  - 0:00
Last Minute Defensive  - 0:00
Total
Forward - 60:00
Defense - 60:00

% Time on Ice - Jets

Lines # - Real PCT - Wanted PCT - Time Play
Normal Forward
1 - 38% - 40% - 17:00
2 - 31% - 30% - 13:54
3 - 22% - 20% - 9:37
4 - 8% - 10% - 3:39
Normal Defense
1 - 34% - 40% - 15:05
2 - 33% - 30% - 14:29
3 - 23% - 20% - 10:11
4 - 10% - 10% - 4:25
PP Forward
1 - 57% - 60% - 2:21
2 - 43% - 40% - 1:47
PP Defense
1 - 65% - 60% - 2:42
2 - 35% - 40% - 1:26
PK Forward
1 - 66% - 60% - 7:45
2 - 34% - 40% - 3:57
PK Defense
1 - 53% - 60% - 6:15
2 - 47% - 40% - 5:27
PK3 Forward
1 - 0% - 60%
2 - 0% - 40%
PK3 Defense
1 - 0% - 60%
2 - 0% - 40%
44 Forward
1 - 0% - 60%
2 - 0% - 40%
44 Defense
1 - 0% - 60%
2 - 0% - 40%
Last Minute Offensive  - 0:00
Last Minute Defensive  - 0:00
Total
Forward - 60:00
Defense - 60:00

Play by Play

1st period


0:01 of 1st period - Eric Staal wins face-off versus Mikko Koivu in neutral zone.
0:01 of 1st period - Tanner Pearson is hit by Mikko Koivu and loses puck.
0:20 of 1st period - Shot by Tanner Pearson.
0:20 of 1st period - Deflect By Eric Staal.
0:20 of 1st period - Stopped by Cory Schneider without a rebound.
0:21 of 1st period - Frans Nielsen wins face-off versus Jason Spezza in Jets zone.
0:30 of 1st period - Shot by Brock Nelson.
0:30 of 1st period - Stopped by James Reimer without a rebound.
0:31 of 1st period - Riley Nash wins face-off versus Mika Zibanejad in Wild zone.
0:58 of 1st period - Shot by Dmitrij Jaskin.
0:58 of 1st period - Shot Misses the Net.
1:11 of 1st period - Icing by Nicklas Grossmann.
1:12 of 1st period - Frans Nielsen wins face-off versus Ryan Callahan in Wild zone.
1:12 of 1st period - Tobias Enstrom is hit by Marco Scandella and loses puck.
1:29 of 1st period - Minor Penalty to Tobias Enstrom for Holding.
1:30 of 1st period - Eric Staal wins face-off versus Radek Faksa in Jets zone.
1:47 of 1st period - Shot by Tanner Pearson.
1:47 of 1st period - Shot Misses the Net.
1:57 of 1st period - Shot by Jason Pominville.
1:57 of 1st period - Deflect By Eric Staal.
1:57 of 1st period - Shot Misses the Net.
1:59 of 1st period - Shot by Jason Pominville.
1:59 of 1st period - Stopped by Cory Schneider without a rebound.
2:00 of 1st period - Frans Nielsen wins face-off versus Jason Spezza in Jets zone.
2:09 of 1st period - Shot by Jason Spezza.
2:09 of 1st period - Shot Misses the Net.
2:11 of 1st period - Shot by Josh Gorges.
2:11 of 1st period - Shot Misses the Net.
2:13 of 1st period - Shot by Johnny Oduya.
2:13 of 1st period - Shot Blocked by Radko Gudas.
3:02 of 1st period - Shot by Tanner Pearson.
3:02 of 1st period - Shot Blocked by Frans Nielsen.
3:04 of 1st period - Shot by Jason Pominville.
3:04 of 1st period - Deflect By Eric Staal.
3:04 of 1st period - Shot Misses the Net.
3:42 of 1st period - Shot by Nicklas Grossmann.
3:42 of 1st period - Stopped by Cory Schneider without a rebound.
3:43 of 1st period - Mikko Koivu wins face-off versus Riley Nash in Jets zone.
3:57 of 1st period - Shot by Riley Nash.
3:57 of 1st period - Shot Misses the Net.
5:39 of 1st period - Alan Quine is hit by Josh Gorges and loses puck.
6:07 of 1st period - Minor Penalty to Braydon Coburn for Elbowing.
6:08 of 1st period - Eric Staal wins face-off versus Radek Faksa in Jets zone.
6:46 of 1st period - Off-side.
6:47 of 1st period - Radek Faksa wins face-off versus Jason Spezza in neutral zone.
7:44 of 1st period - Shot by Tanner Pearson.
7:44 of 1st period - Stopped by Cory Schneider with a rebound.
7:46 of 1st period - Shot by Nicklas Grossmann.
7:46 of 1st period - Stopped by Cory Schneider with a rebound.
7:48 of 1st period - Shot by Tanner Pearson.
7:48 of 1st period - Shot Misses the Net.
7:50 of 1st period - Shot by Nicklas Grossmann.
7:50 of 1st period - Shot Misses the Net.
7:52 of 1st period - Shot by Jason Pominville.
7:52 of 1st period - Stopped by Cory Schneider with a rebound.
7:54 of 1st period - Shot by Tanner Pearson.
7:54 of 1st period - Goal by Tanner Pearson - Wild : 1 - Jets : 0.
7:55 of 1st period - Riley Nash wins face-off versus Mikko Koivu in neutral zone.
7:55 of 1st period - Riley Nash is hit by Cam Atkinson.
8:06 of 1st period - Shot by Ryan Callahan.
8:06 of 1st period - Stopped by Cory Schneider without a rebound.
8:07 of 1st period - Frans Nielsen wins face-off versus Jason Spezza in Jets zone.
8:30 of 1st period - Shot by Mason Raymond.
8:30 of 1st period - Shot Misses the Net.
9:51 of 1st period - Minor Penalty to Dmitrij Jaskin for Hooking.
9:52 of 1st period - Ryan Callahan wins face-off versus Radek Faksa in Jets zone.
10:14 of 1st period - Icing by Ryan Callahan.
10:15 of 1st period - Ryan Callahan wins face-off versus Radek Faksa in Wild zone.
11:33 of 1st period - Shot by Jason Spezza.
11:33 of 1st period - Shot Misses the Net.
11:44 of 1st period - Icing by Josh Gorges.
11:45 of 1st period - Jason Spezza wins face-off versus Frans Nielsen in Wild zone.
12:10 of 1st period - Shot by Ryan Callahan.
12:10 of 1st period - Stopped by Cory Schneider without a rebound.
12:11 of 1st period - Eric Staal wins face-off versus Mikko Koivu in Jets zone.
12:11 of 1st period - Tanner Pearson is hit by Jonas Brodin and loses puck.
12:32 of 1st period - Shot by Mikko Koivu.
12:32 of 1st period - Deflect By Cam Atkinson.
12:32 of 1st period - Stopped by James Reimer without a rebound.
12:32 of 1st period - Minor Penalty to Marco Scandella for Interference.
12:33 of 1st period - Frans Nielsen wins face-off versus Tanner Pearson in Wild zone.
12:33 of 1st period - Nick Holden is hit by Luke Schenn and loses puck.
12:38 of 1st period - Shot by Hampus Lindholm.
12:38 of 1st period - Shot Blocked by Tanner Pearson.
12:40 of 1st period - Shot by Hampus Lindholm.
12:40 of 1st period - Shot Misses the Net.
12:42 of 1st period - Shot by Frans Nielsen.
12:42 of 1st period - Goal by Frans Nielsen - Wild : 1 - Jets : 1.
12:43 of 1st period - Jason Spezza wins face-off versus Mikko Koivu in neutral zone.
12:50 of 1st period - Shot by Richard Panik.
12:50 of 1st period - Shot Misses the Net.
13:49 of 1st period - Shot by Bryan Rust.
13:49 of 1st period - Shot Blocked by Nicklas Grossmann.
13:51 of 1st period - Shot by Braydon Coburn.
13:51 of 1st period - Stopped by James Reimer without a rebound.
13:52 of 1st period - Riley Nash wins face-off versus Frans Nielsen in Wild zone.
14:09 of 1st period - Shot by Sven Baertschi.
14:09 of 1st period - Shot Misses the Net.
14:21 of 1st period - Shot by Ryan Callahan.
14:21 of 1st period - Stopped by Cory Schneider without a rebound.
14:22 of 1st period - Eric Staal wins face-off versus Dmitrij Jaskin in Jets zone.
14:31 of 1st period - Shot by Eric Staal.
14:31 of 1st period - Shot Misses the Net.
14:33 of 1st period - Shot by Eric Staal.
14:33 of 1st period - Stopped by Cory Schneider without a rebound.
14:34 of 1st period - Mikko Koivu wins face-off versus Mason Raymond in Jets zone.
14:42 of 1st period - Off-side.
14:43 of 1st period - Eric Staal wins face-off versus Mikko Koivu in neutral zone.
14:50 of 1st period - Shot by Tanner Pearson.
14:50 of 1st period - Stopped by Cory Schneider with a rebound.
14:52 of 1st period - Shot by Tanner Pearson.
14:52 of 1st period - Shot Blocked by Nick Holden.
14:54 of 1st period - Shot by Eric Staal.
14:54 of 1st period - Stopped by Cory Schneider without a rebound.
14:55 of 1st period - Frans Nielsen wins face-off versus Jason Spezza in Jets zone.
15:00 of 1st period - Shot by Frans Nielsen.
15:00 of 1st period - Shot Blocked by Johnny Oduya.
15:04 of 1st period - Shot by Brock Nelson.
15:04 of 1st period - Stopped by James Reimer without a rebound.
15:05 of 1st period - Mikko Koivu wins face-off versus Tanner Pearson in Wild zone.
15:24 of 1st period - Shot by Eric Staal.
15:24 of 1st period - Shot Blocked by Hampus Lindholm.
15:38 of 1st period - Shot by Eric Staal.
15:38 of 1st period - Stopped by Cory Schneider without a rebound.
15:39 of 1st period - Jason Spezza wins face-off versus Mika Zibanejad in Jets zone.
15:47 of 1st period - Mason Raymond is hit by Jonas Brodin and loses puck.
15:53 of 1st period - Richard Panik is hit by Jonas Brodin and loses puck.
16:34 of 1st period - Shot by Riley Nash.
16:34 of 1st period - Shot Misses the Net.
16:36 of 1st period - Shot by Riley Nash.
16:36 of 1st period - Deflect By Ryan Callahan.
16:36 of 1st period - Shot Blocked by Jonas Brodin.
16:45 of 1st period - Riley Nash is hit by Jonas Brodin and loses puck.
16:48 of 1st period - Shot by Marco Scandella.
16:48 of 1st period - Stopped by Cory Schneider without a rebound.
16:49 of 1st period - Frans Nielsen wins face-off versus Eric Staal in Jets zone.
16:49 of 1st period - Frans Nielsen is hit by Tanner Pearson.
16:54 of 1st period - Off-side.
16:55 of 1st period - Mikko Koivu wins face-off versus Eric Staal in neutral zone.
16:59 of 1st period - Cam Atkinson is hit by Luke Schenn and loses puck.
17:26 of 1st period - Shot by Tanner Pearson.
17:26 of 1st period - Stopped by Cory Schneider without a rebound.
17:27 of 1st period - Jason Spezza wins face-off versus Frans Nielsen in Jets zone.
17:55 of 1st period - Icing by Johnny Oduya.
17:56 of 1st period - Mikko Koivu wins face-off versus Jason Spezza in Wild zone.
18:08 of 1st period - Josh Gorges is hit by Nick Holden and loses puck.
18:35 of 1st period - Shot by Tanner Pearson.
18:35 of 1st period - Stopped by Cory Schneider without a rebound.
18:36 of 1st period - Riley Nash wins face-off versus Rickard Rakell in Jets zone.
18:46 of 1st period - Icing by Radko Gudas.
18:47 of 1st period - Frans Nielsen wins face-off versus Eric Staal in Jets zone.
18:47 of 1st period - Frans Nielsen is hit by Eric Staal.
18:52 of 1st period - Rickard Rakell is hit by Tanner Pearson and loses puck.
19:03 of 1st period - Shot by Frans Nielsen.
19:03 of 1st period - Stopped by James Reimer with a rebound.
19:05 of 1st period - Shot by Braydon Coburn.
19:05 of 1st period - Shot Blocked by Alexander Edler.
19:07 of 1st period - Shot by Frans Nielsen.
19:07 of 1st period - Stopped by James Reimer without a rebound.
19:08 of 1st period - Jason Spezza wins face-off versus Mika Zibanejad in Wild zone.
19:08 of 1st period - Richard Panik is hit by Bryan Rust and loses puck.
19:35 of 1st period - Shot by Mika Zibanejad.
19:35 of 1st period - Stopped by James Reimer without a rebound.
19:36 of 1st period - Mikko Koivu wins face-off versus Eric Staal in Wild zone.
19:37 of 1st period - Shot by Jamie Benn.
19:37 of 1st period - Stopped by James Reimer with a rebound.
Goals for this period are 1 for Wild vs 1 for Jets.
Shots for this period are 17 for Wild vs 9 for Jets.

2nd period


0:01 of 2nd period - Eric Staal wins face-off versus Rickard Rakell in neutral zone.
0:16 of 2nd period - Frans Nielsen is hit by Alexander Edler and loses puck.
0:38 of 2nd period - Shot by Alexander Edler.
0:38 of 2nd period - Stopped by Cory Schneider without a rebound.
0:39 of 2nd period - Mikko Koivu wins face-off versus Jason Spezza in Jets zone.
0:48 of 2nd period - Shot by Jamie Benn.
0:48 of 2nd period - Shot Misses the Net.
0:50 of 2nd period - Shot by Jamie Benn.
0:50 of 2nd period - Shot Misses the Net.
0:52 of 2nd period - Shot by Cam Atkinson.
0:52 of 2nd period - Stopped by James Reimer with a rebound.
2:24 of 2nd period - Alan Quine is hit by Ryan Callahan and loses puck.
2:53 of 2nd period - Icing by Eric Staal.
2:54 of 2nd period - Eric Staal wins face-off versus Frans Nielsen in Wild zone.
3:01 of 2nd period - Shot by Jason Pominville.
3:01 of 2nd period - Deflect By Tanner Pearson.
3:01 of 2nd period - Stopped by Cory Schneider without a rebound.
3:02 of 2nd period - Jason Spezza wins face-off versus Mikko Koivu in Jets zone.
3:05 of 2nd period - Shot by Richard Panik.
3:05 of 2nd period - Stopped by Cory Schneider without a rebound.
3:06 of 2nd period - Mikko Koivu wins face-off versus Jason Spezza in Jets zone.
3:29 of 2nd period - Shot by Cam Atkinson.
3:29 of 2nd period - Shot Misses the Net.
3:43 of 2nd period - Shot by Mikko Koivu.
3:43 of 2nd period - Shot Misses the Net.
4:55 of 2nd period - Tanner Pearson is hit by Radko Gudas.
5:29 of 2nd period - Shot by Riley Nash.
5:29 of 2nd period - Stopped by Cory Schneider without a rebound.
5:30 of 2nd period - Eric Staal wins face-off versus Mikko Koivu in Jets zone.
5:30 of 2nd period - Joonas Donskoi is hit by Nick Holden and loses puck.
5:36 of 2nd period - Joonas Donskoi is hit by Hampus Lindholm and loses puck.
6:19 of 2nd period - Shot by Sven Baertschi.
6:19 of 2nd period - Shot Misses the Net.
6:21 of 2nd period - Shot by Ryan Callahan.
6:21 of 2nd period - Shot Misses the Net.
6:23 of 2nd period - Shot by Nicklas Grossmann.
6:23 of 2nd period - Stopped by Cory Schneider without a rebound.
6:24 of 2nd period - Eric Staal wins face-off versus Frans Nielsen in Jets zone.
7:29 of 2nd period - Off-side.
7:30 of 2nd period - Mikko Koivu wins face-off versus Jason Spezza in neutral zone.
7:54 of 2nd period - Shot by Jamie Benn.
7:54 of 2nd period - Shot Misses the Net.
7:56 of 2nd period - Shot by Mikko Koivu.
7:56 of 2nd period - Stopped by James Reimer without a rebound.
7:57 of 2nd period - Riley Nash wins face-off versus Radek Faksa in Wild zone.
8:16 of 2nd period - Shot by Hampus Lindholm.
8:16 of 2nd period - Shot Misses the Net.
8:27 of 2nd period - Shot by Radek Faksa.
8:27 of 2nd period - Stopped by James Reimer without a rebound.
8:28 of 2nd period - Jason Spezza wins face-off versus Frans Nielsen in Wild zone.
8:41 of 2nd period - Shot by Jason Spezza.
8:41 of 2nd period - Shot Misses the Net.
8:43 of 2nd period - Shot by Richard Panik.
8:43 of 2nd period - Shot Misses the Net.
8:45 of 2nd period - Shot by Mason Raymond.
8:45 of 2nd period - Shot Misses the Net.
8:54 of 2nd period - Frans Nielsen is hit by Alexander Edler and loses puck.
9:08 of 2nd period - Off-side.
9:09 of 2nd period - Mikko Koivu wins face-off versus Eric Staal in neutral zone.
9:18 of 2nd period - Shot by Eric Staal.
9:18 of 2nd period - Deflect By Tanner Pearson.
9:18 of 2nd period - Stopped by Cory Schneider without a rebound.
9:19 of 2nd period - Mikko Koivu wins face-off versus Riley Nash in Jets zone.
9:19 of 2nd period - Mikko Koivu is hit by Riley Nash.
9:20 of 2nd period - Minor Penalty to Ryan Callahan for Tripping.
9:21 of 2nd period - Riley Nash wins face-off versus Jamie Benn in Wild zone.
9:21 of 2nd period - Riley Nash is hit by Jamie Benn.
9:28 of 2nd period - Icing by Nick Holden.
9:29 of 2nd period - Mikko Koivu wins face-off versus Riley Nash in Jets zone.
11:29 of 2nd period - Icing by Nicklas Grossmann.
11:30 of 2nd period - Radek Faksa wins face-off versus Jason Spezza in Wild zone.
11:41 of 2nd period - Shot by Radek Faksa.
11:41 of 2nd period - Shot Misses the Net.
11:45 of 2nd period - Shot by Radek Faksa.
11:45 of 2nd period - Shot Blocked by Nicklas Grossmann.
11:47 of 2nd period - Shot by Connor Carrick.
11:47 of 2nd period - Stopped by James Reimer without a rebound.
11:48 of 2nd period - Frans Nielsen wins face-off versus Marian Gaborik in Wild zone.
11:54 of 2nd period - Shot by Frans Nielsen.
11:54 of 2nd period - Shot Hit the Post.
12:08 of 2nd period - Shot by Rickard Rakell.
12:08 of 2nd period - Stopped by James Reimer without a rebound.
12:09 of 2nd period - Mika Zibanejad wins face-off versus Riley Nash in Wild zone.
12:35 of 2nd period - Josh Gorges is hit by Dmitrij Jaskin and loses puck.
14:40 of 2nd period - Richard Panik is hit by Jonas Brodin and loses puck.
14:59 of 2nd period - Shot by Jason Pominville.
14:59 of 2nd period - Shot Misses the Net.
15:04 of 2nd period - Minor Penalty to Tobias Enstrom for Holding.
15:05 of 2nd period - Eric Staal wins face-off versus Radek Faksa in Jets zone.
15:36 of 2nd period - Shot by Jason Pominville.
15:36 of 2nd period - Shot Misses the Net.
16:26 of 2nd period - Shot by Joonas Donskoi.
16:26 of 2nd period - Shot Misses the Net.
16:48 of 2nd period - Shot by Eric Staal.
16:48 of 2nd period - Deflect By Sven Baertschi.
16:48 of 2nd period - Shot Misses the Net.
17:14 of 2nd period - Shot by Jamie Benn.
17:14 of 2nd period - Stopped by James Reimer with a rebound.
17:17 of 2nd period - Icing by Alexander Edler.
17:18 of 2nd period - Frans Nielsen wins face-off versus Riley Nash in Wild zone.
17:46 of 2nd period - Icing by Joonas Donskoi.
17:47 of 2nd period - Mikko Koivu wins face-off versus Jason Spezza in Wild zone.
17:53 of 2nd period - Cam Atkinson is hit by Christian Folin and loses puck.
18:06 of 2nd period - Shot by Jason Pominville.
18:06 of 2nd period - Shot Blocked by Mikko Koivu.
19:01 of 2nd period - Shot by Richard Panik.
19:01 of 2nd period - Shot Blocked by Nick Holden.
19:12 of 2nd period - Shot by Richard Panik.
19:12 of 2nd period - Stopped by Cory Schneider without a rebound.
19:13 of 2nd period - Frans Nielsen wins face-off versus Eric Staal in Jets zone.
19:24 of 2nd period - Shot by Rickard Rakell.
19:24 of 2nd period - Stopped by James Reimer without a rebound.
19:25 of 2nd period - Mika Zibanejad wins face-off versus Eric Staal in Wild zone.
Goals for this period are 0 for Wild vs 0 for Jets.
Shots for this period are 7 for Wild vs 7 for Jets.

3rd period


0:01 of 3rd period - Mikko Koivu wins face-off versus Eric Staal in neutral zone.
0:07 of 3rd period - Icing by Luke Schenn.
0:08 of 3rd period - Eric Staal wins face-off versus Jamie Benn in Wild zone.
0:35 of 3rd period - Icing by Jamie Benn.
0:36 of 3rd period - Mikko Koivu wins face-off versus Jason Spezza in Jets zone.
0:43 of 3rd period - Shot by Cam Atkinson.
0:43 of 3rd period - Shot Misses the Net.
0:45 of 3rd period - Shot by Nick Holden.
0:45 of 3rd period - Deflect By Mikko Koivu.
0:45 of 3rd period - Stopped by James Reimer with a rebound.
0:54 of 3rd period - Jamie Benn is hit by Josh Gorges and loses puck.
1:08 of 3rd period - Off-side.
1:09 of 3rd period - Frans Nielsen wins face-off versus Eric Staal in neutral zone.
1:17 of 3rd period - Minor Penalty to Frans Nielsen for Roughing.
1:18 of 3rd period - Eric Staal wins face-off versus Radek Faksa in Jets zone.
1:25 of 3rd period - Shot by Eric Staal.
1:25 of 3rd period - Stopped by Cory Schneider without a rebound.
1:26 of 3rd period - Radek Faksa wins face-off versus Eric Staal in Jets zone.
1:51 of 3rd period - Icing by Eric Staal.
1:52 of 3rd period - Eric Staal wins face-off versus Radek Faksa in Wild zone.
2:05 of 3rd period - Shot by Jason Pominville.
2:05 of 3rd period - Deflect By Tanner Pearson.
2:05 of 3rd period - Shot Blocked by Nick Holden.
2:41 of 3rd period - Shot by Richard Panik.
2:41 of 3rd period - Stopped by Cory Schneider without a rebound.
2:42 of 3rd period - Jason Spezza wins face-off versus Mikko Koivu in Jets zone.
3:27 of 3rd period - Shot by Frans Nielsen.
3:27 of 3rd period - Shot Misses the Net.
3:29 of 3rd period - Shot by Frans Nielsen.
3:29 of 3rd period - Deflect By Rickard Rakell.
3:29 of 3rd period - Stopped by James Reimer with a rebound.
3:31 of 3rd period - Shot by Brock Nelson.
3:31 of 3rd period - Stopped by James Reimer without a rebound.
3:32 of 3rd period - Eric Staal wins face-off versus Mikko Koivu in Wild zone.
4:00 of 3rd period - Shot by Jamie Benn.
4:00 of 3rd period - Stopped by James Reimer with a rebound.
4:02 of 3rd period - Shot by Cam Atkinson.
4:02 of 3rd period - Stopped by James Reimer without a rebound.
4:03 of 3rd period - Frans Nielsen wins face-off versus Riley Nash in Wild zone.
4:03 of 3rd period - Minor Penalty to Nicklas Grossmann for Slashing.
4:04 of 3rd period - Frans Nielsen wins face-off versus Riley Nash in Wild zone.
4:42 of 3rd period - Shot by Rickard Rakell.
4:42 of 3rd period - Shot Blocked by Ryan Callahan.
5:12 of 3rd period - Shot by Cam Atkinson.
5:12 of 3rd period - Shot Misses the Net.
5:14 of 3rd period - Shot by Jonas Brodin.
5:14 of 3rd period - Shot Misses the Net.
5:20 of 3rd period - Shot by Cam Atkinson.
5:20 of 3rd period - Shot Misses the Net.
5:22 of 3rd period - Shot by Jamie Benn.
5:22 of 3rd period - Shot Misses the Net.
5:42 of 3rd period - Shot by Hampus Lindholm.
5:42 of 3rd period - Stopped by James Reimer without a rebound.
5:43 of 3rd period - Eric Staal wins face-off versus Mikko Koivu in Wild zone.
6:06 of 3rd period - Shot by Bryan Rust.
6:06 of 3rd period - Shot Misses the Net.
6:08 of 3rd period - Shot by Mika Zibanejad.
6:08 of 3rd period - Stopped by James Reimer without a rebound.
6:09 of 3rd period - Mika Zibanejad wins face-off versus Jason Spezza in Wild zone.
7:18 of 3rd period - Shot by Marian Gaborik.
7:18 of 3rd period - Shot Misses the Net.
7:20 of 3rd period - Shot by Eric Staal.
7:20 of 3rd period - Shot Blocked by Tobias Enstrom.
7:22 of 3rd period - Shot by Johnny Oduya.
7:22 of 3rd period - Shot Misses the Net.
7:24 of 3rd period - Shot by Johnny Oduya.
7:24 of 3rd period - Deflect By Marian Gaborik.
7:24 of 3rd period - Shot Misses the Net.
7:30 of 3rd period - Shot by Eric Staal.
7:30 of 3rd period - Shot Misses the Net.
7:34 of 3rd period - Shot by Eric Staal.
7:34 of 3rd period - Shot Misses the Net.
7:46 of 3rd period - Shot by Sven Baertschi.
7:46 of 3rd period - Shot Misses the Net.
8:22 of 3rd period - Tobias Enstrom is hit by Tanner Pearson and loses puck.
8:30 of 3rd period - Rickard Rakell is hit by Tanner Pearson and loses puck.
8:38 of 3rd period - Off-side.
8:39 of 3rd period - Mikko Koivu wins face-off versus Jason Spezza in neutral zone.
8:55 of 3rd period - Shot by Mikko Koivu.
8:55 of 3rd period - Stopped by James Reimer without a rebound.
8:56 of 3rd period - Mika Zibanejad wins face-off versus Eric Staal in Wild zone.
9:06 of 3rd period - Shot by Dmitrij Jaskin.
9:06 of 3rd period - Shot Blocked by Johnny Oduya.
9:19 of 3rd period - Off-side.
9:20 of 3rd period - Mikko Koivu wins face-off versus Riley Nash in neutral zone.
9:36 of 3rd period - Jamie Benn is hit by Luke Schenn and loses puck.
9:39 of 3rd period - Shot by Mikko Koivu.
9:39 of 3rd period - Stopped by James Reimer without a rebound.
9:40 of 3rd period - Jason Spezza wins face-off versus Radek Faksa in Wild zone.
9:49 of 3rd period - Shot by Richard Panik.
9:49 of 3rd period - Stopped by Cory Schneider with a rebound.
9:51 of 3rd period - Shot by Marco Scandella.
9:51 of 3rd period - Shot Blocked by Braydon Coburn.
10:26 of 3rd period - Tanner Pearson is hit by Radko Gudas and loses puck.
10:27 of 3rd period - Minor Penalty to Radko Gudas for High sticking.
10:28 of 3rd period - Eric Staal wins face-off versus Frans Nielsen in Jets zone.
10:29 of 3rd period - Shot by Tanner Pearson.
10:29 of 3rd period - Stopped by Cory Schneider without a rebound.
10:30 of 3rd period - Eric Staal wins face-off versus Frans Nielsen in Jets zone.
10:37 of 3rd period - Shot by Alexander Edler.
10:37 of 3rd period - Shot Misses the Net.
10:39 of 3rd period - Shot by Eric Staal.
10:39 of 3rd period - Deflect By Tanner Pearson.
10:39 of 3rd period - Shot Misses the Net.
10:41 of 3rd period - Shot by Alexander Edler.
10:41 of 3rd period - Stopped by Cory Schneider without a rebound.
10:42 of 3rd period - Radek Faksa wins face-off versus Eric Staal in Jets zone.
11:33 of 3rd period - Shot by Richard Panik.
11:33 of 3rd period - Stopped by Cory Schneider with a rebound.
11:55 of 3rd period - Shot by Jason Spezza.
11:55 of 3rd period - Shot Blocked by Jonas Brodin.
12:49 of 3rd period - Shot by Ryan Callahan.
12:49 of 3rd period - Shot Misses the Net.
13:26 of 3rd period - Shot by Marian Gaborik.
13:26 of 3rd period - Stopped by Cory Schneider without a rebound.
13:27 of 3rd period - Mikko Koivu wins face-off versus Jason Spezza in Jets zone.
13:34 of 3rd period - Shot by Cam Atkinson.
13:34 of 3rd period - Stopped by James Reimer without a rebound.
13:35 of 3rd period - Jason Spezza wins face-off versus Mika Zibanejad in Wild zone.
14:06 of 3rd period - Shot by Richard Panik.
14:06 of 3rd period - Stopped by Cory Schneider without a rebound.
14:07 of 3rd period - Mikko Koivu wins face-off versus Eric Staal in Jets zone.
14:24 of 3rd period - Shot by Jamie Benn.
14:24 of 3rd period - Stopped by James Reimer without a rebound.
14:25 of 3rd period - Riley Nash wins face-off versus Frans Nielsen in Wild zone.
14:30 of 3rd period - Rickard Rakell is hit by Ryan Callahan and loses puck.
14:41 of 3rd period - Icing by Radko Gudas.
14:42 of 3rd period - Frans Nielsen wins face-off versus Jason Spezza in Jets zone.
14:42 of 3rd period - Brock Nelson is hit by Richard Panik and loses puck.
15:04 of 3rd period - Rickard Rakell is hit by Luke Schenn and loses puck.
15:07 of 3rd period - Shot by Frans Nielsen.
15:07 of 3rd period - Stopped by James Reimer with a rebound.
15:48 of 3rd period - Shot by Jamie Benn.
15:48 of 3rd period - Shot Misses the Net.
15:55 of 3rd period - Jamie Benn is hit by Luke Schenn and loses puck.
16:05 of 3rd period - Richard Panik is hit by Bryan Rust and loses puck.
17:03 of 3rd period - Eric Staal is hit by Jonas Brodin and loses puck.
17:59 of 3rd period - Shot by Rickard Rakell.
17:59 of 3rd period - Shot Misses the Net.
18:58 of 3rd period - Shot by Mikko Koivu.
18:58 of 3rd period - Shot Misses the Net.
19:36 of 3rd period - Shot by Frans Nielsen.
19:36 of 3rd period - Stopped by James Reimer without a rebound.
19:37 of 3rd period - Mikko Koivu wins face-off versus Ryan Callahan in Wild zone.
19:49 of 3rd period - Shot by Cam Atkinson.
19:49 of 3rd period - Shot Misses the Net.
Goals for this period are 0 for Wild vs 0 for Jets.
Shots for this period are 8 for Wild vs 13 for Jets.

Overtime #1


0:01 of 1st overtime period - Jason Spezza wins face-off versus Mikko Koivu in neutral zone.
0:20 of 1st overtime period - Shot by Eric Staal.
0:20 of 1st overtime period - Goal by Eric Staal - Wild : 2 - Jets : 1.
Goals for this period are 1 for Wild vs 0 for Jets.
Shots for this period are 1 for Wild vs 0 for Jets.